 Dungeon Crawl Stone Soup version 0.17.2-1-ge4368a0 (webtiles) character file.

1476 Goblin1989 the Martial Artist (level 8, 0/60 HPs)
             Began as a Demonspawn Monk on Oct 24, 2016.
             Was an Initiate of Gozag.
             Killed from afar by an orc wizard (4 damage)
             ... with a magic dart
             ... on level 6 of the Dungeon.
             The game lasted 00:15:48 (5661 turns).

Goblin1989 the Martial Artist (Demonspawn Monk)     Turns: 5661, Time: 00:15:49

Health: 0/60       AC:  6    Str: 19    XL:     8   Next: 49%
Magic:  8/8        EV: 14    Int: 17    God:    Gozag
Gold:   670        SH: 10    Dex: 20    Spells: 0 memorised, 7 levels left

rFire  + . .     SeeInvis .       - Unarmed
rCold  + . .     Clarity  .     q - +0 scale mail
rNeg   . . .     SustAt   .     d - +0 shield
rPois  +         Gourm    .     (helmet restricted)
rElec  +         Spirit   .     (no cloak)
rCorr  +         Warding  .     (no gloves)
rMut   .         Stasis   .     (no boots)
MR     .....                    (no amulet)
Stlth  ++........               (no ring)
                                (no ring)

@: mighty, brilliant, agile, resistant, flying, not resistant to hostile
enchantments, unstealthy
A: horns 1, talons 2, powered by death 1
a: Potion Petition, Call Merchant, Bribe Branch, Renounce Religion


You were on level 6 of the Dungeon.
You worshipped Gozag.
Gozag was noncommittal.
You were not hungry.

You visited 1 branch of the dungeon, and saw 8 of its levels.

You collected 670 gold pieces.

Inventory:

Armour
 d - a +0 shield (worn)
 q - a +0 scale mail (worn)
 y - a +0 pair of gloves
Jewellery
 o - an uncursed ring of ice
 t - an uncursed ring of fire
Wands
 v - a wand of invisibility (5)
 w - a wand of teleportation (5) {!v, @v4}
Scrolls
 e - 3 scrolls of random uselessness {unknown}
 h - 6 scrolls of identify {unknown}
 i - 4 scrolls of remove curse {unknown}
 k - a scroll of blinking {unknown}
 l - 2 scrolls of enchant armour {unknown}
 m - a scroll of noise {unknown}
 n - 2 scrolls of recharging {unknown}
 p - 2 scrolls of immolation {unknown}
 r - 2 scrolls of teleportation {unknown}
 s - a scroll of magic mapping {unknown}
Potions
 a - a potion of lignification {!q}
 c - 3 potions of invisibility {unknown}
 f - a potion of magic
 g - 2 potions of curing {@q1}
 j - a potion of flight {unknown}
 u - a potion of agility
 x - 2 potions of might
 z - a potion of poison {unknown}
Comestibles
 b - 5 bread rations {@e1}
 A - a beef jerky


   Skills:
 + Level 4.2 Fighting
 + Level 3.1 Armour
 - Level 2.6 Dodging
 - Level 1.7 Stealth
 + Level 4.6 Shields
 * Level 8.0 Unarmed Combat


You had 7 spell levels left.
You didn't know any spells.

Dungeon Overview and Level Annotations

Branches:
Dungeon (8/15)             Temple (0/1) D:5
   Lair: D:8-11

Altars:
Dithmenos
Gozag
Nemelex Xobeh
Qazlal
Ru
Yredelemnul
The Shining One

Shops:
D:4 *

Annotations:
D:7 Joseph
D:8 Tobisume's ghost, novice DsFi


Innate Abilities, Weirdness & Mutations

You have a pair of small horns on your head.
You have razor-sharp toenails.
You regenerate a little health from kills.


Message History

You block the orc wizard's attack.
You barely miss the orc warrior. Your kick misses the orc warrior.
The orc warrior is severely wounded.
The orc warrior hits you with a war axe!
* * * LOW HITPOINT WARNING * * *
The orc wizard gestures at you while chanting.
The magic dart hits you!
* * * LOW HITPOINT WARNING * * *
You take 16 damage, and have 4/60 hp.
MASSIVE DAMAGE!! [a] - 0 gold - resistance, invisibility and agility [b] - 0 gold - haste, agility and resistance [c] - 0 gold - might, agility, brilliance, resistance and flight Purchase which effect?
You feel very mighty all of a sudden.
You feel agile all of a sudden.
You feel clever all of a sudden.
You feel protected.
You feel very buoyant.
You fly up into the air.
The orc wizard gestures at you while chanting.
The magic dart hits you!
You die...
Your body crumbles into a pile of gold.

█..████ █. . █.....█
█. ...
█.██.███████████.
....██................
..........███████████.
..██....█ █. █.██.█ █.
████o██.█ ██ █oo@.██.█
█.█████.█ █ █ █.█ █
█.█ █ .█ █ █ █ █ █


You could see an orc warrior, an orc wizard and an orc.

Vanquished Creatures
  A wyvern (D:7)
  Menkaure (D:4)
  A hippogriff (D:4)
  A sky beast (D:7)
  2 centaurs
  An ogre (D:4)
  2 phantoms (D:5)
  A hound (D:6)
  4 orc wizards
  A centaur zombie (D:3)
  A giant frog skeleton (D:4)
  An orc priest (D:4)
  Terence (D:3)
  3 worker ants
  The ghost of Goblin1989 the Ruffian, a weakling VSTm (D:4)
  Robin (D:4)
  4 gnolls (D:3)
  8 adders
  2 oozes
  An adder skeleton (D:4)
  4 worms
  15 orcs
  4 ball pythons
  5 giant cockroaches
  2 gnoll zombies (D:5)
  8 hobgoblins
  7 jackals
  12 kobolds
  5 quokkas
  5 bats
  8 giant geckos
  7 giant newts
  20 goblins
  8 rats
148 creatures vanquished.

Notes
Turn   | Place    | Note
--------------------------------------------------------------
     0 | D:1      | Goblin1989 the Demonspawn Monk began the quest for the Orb.
     0 | D:1      | Reached XP level 1. HP: 18/18 MP: 1/1
   203 | D:1      | Reached skill level 4 in Unarmed Combat
   215 | D:1      | Gained mutation: You have sharp toenails. [demonic ancestry]
   215 | D:1      | Reached XP level 2. HP: 22/24 MP: 2/2
   850 | D:2      | Gained mutation: You have a pair of small horns on your head. [demonic ancestry]
   850 | D:2      | Reached XP level 3. HP: 29/29 MP: 3/3
  1137 | D:2      | Reached skill level 1 in Shields
  1440 | D:2      | Gained mutation: You regenerate a little health from kills. [demonic ancestry]
  1440 | D:2      | Reached XP level 4. HP: 16/35 MP: 4/4
  1777 | D:3      | Noticed Terence
  1854 | D:3      | Reached skill level 5 in Unarmed Combat
  2350 | D:3      | Reached XP level 5. HP: 33/41 MP: 5/5
  2429 | D:4      | Noticed Goblin1989's ghost (weakling VSTm)
  2436 | D:4      | Killed Goblin1989's ghost
  2553 | D:4      | Noticed a hippogriff
  2612 | D:4      | Killed a hippogriff
  2612 | D:4      | Reached skill level 6 in Unarmed Combat
  2612 | D:4      | Reached XP level 6. HP: 32/47 MP: 6/6
  2651 | D:4      | Found Xaun's Assorted Antiques.
  2751 | D:4      | Noticed an ogre
  2895 | D:4      | Noticed Menkaure
  2903 | D:4      | Killed Menkaure
  2954 | D:3      | Killed Terence
  2954 | D:3      | Gained mutation: You have razor-sharp toenails. [demonic ancestry]
  2954 | D:3      | Reached XP level 7. HP: 28/52 MP: 7/7
  3186 | D:3      | Found a sacrificial altar of Ru.
  3186 | D:3      | Found a shadowy altar of Dithmenos.
  3187 | D:3      | Found a glowing golden altar of the Shining One.
  3401 | D:4      | You fall through a shaft for 3 floors!
  3401 | D:7      | Noticed a wyvern
  3414 | D:7      | Killed a wyvern
  3414 | D:7      | Reached skill level 1 in Armour
  3414 | D:7      | Reached skill level 7 in Unarmed Combat
  3673 | D:7      | Found a stormy altar of Qazlal.
  3673 | D:7      | Found an opulent altar of Gozag.
  3702 | D:7      | Became a worshipper of Gozag Ym Sagoz the Greedy
  3706 | D:7      | Found a sparkling altar of Nemelex Xobeh.
  4015 | D:7      | Noticed Joseph
  4017 | D:8      | Noticed Tobisume's ghost (novice DsFi)
  4329 | D:5      | Entered Level 5 of the Dungeon
  4357 | D:4      | Killed an ogre
  4357 | D:4      | Reached XP level 8. HP: 21/60 MP: 8/8
  4771 | D:4      | Noticed Robin
  4826 | D:4      | Killed Robin
  5040 | D:5      | Found a staircase to the Ecumenical Temple.
  5098 | D:5      | Found a basalt altar of Yredelemnul.
  5583 | D:6      | Reached skill level 8 in Unarmed Combat
  5661 | D:6      | Killed from afar by an orc wizard

Action                   |  1- 3 |  4- 6 |  7- 9 || total
-------------------------+-------+-------+-------++-------
Melee: Unarmed           |   158 |   178 |   309 ||   645
Invok: Potion Petition   |       |       |     1 ||     1
  Use: Potion            |       |     6 |     1 ||     7
 Stab: Sleeping          |     2 |       |       ||     2
  Eat: Chunk             |     1 |     6 |     2 ||     9
       Meat ration       |       |       |     1 ||     1
       Pizza             |       |       |     1 ||     1

Vault maps used:
D:1:      nicolae_arrival_washed_ashore
D:2:      serial_forest, infiniplex_forest_clump_tiny, infiniplex_forest_end_3,
          infiniplex_forest_lined_3_way, infiniplex_forest_zigzag_1,
          infiniplex_forest_split, infiniplex_forest_lined_3,
          infiniplex_forest_clump_long, infiniplex_forest_straight_4,
          infiniplex_forest_clump_small
D:3:      gammafunk_temple_overflow_claw, first_bread, uniq_terence
D:4:      kennysheep_goblin_castle, serial_shops,
          nicolae_shop_overgrown_old_shop, grunt_ministairs_3, uniq_menkaure
D:5:      lemuel_zombie_altar_yredelemnul, minmay_temple_entry_statues_fountains
D:6:      nicolae_good_shop
D:7:      lemuel_doored_altar, grunt_temple_overflow_diamond, uniq_joseph
D:8:      grunt_temple_overflow_magic_moments, erik_lair_orcish_takeover,
          grunt_livestock, uniq_prince_ribbit1
